 Dungeon Crawl Stone Soup version 0.28-a0-691-gad6df49e81 (webtiles) character file.

Game seed: 16458107107675548130

3504 siradein the Conjurer (level 9, -14/57 HPs)
             Began as a Demonspawn Fire Elementalist on Oct 22, 2021.
             Was a Believer of Makhleb.
             Shot with an arrow by a centaur warrior (20 damage)
             ... on level 8 of the Dungeon on Oct 23, 2021.
             The game lasted 00:28:08 (9202 turns).

siradein the Conjurer (DsFE)                        Turns: 9202, Time: 00:28:09

Health: -14/57     AC: 12    Str: 10    XL:     9   Next: 80%
Magic:  0/19       EV: 19    Int: 20    God:    Makhleb [**....]
Gold:   213        SH:  0    Dex: 14    Spells: 3/21 levels left

rFire   + . .      SeeInvis .   c - staff of conjuration
rCold   . . .      Faith    .   (no shield)
rNeg    . . .      Spirit   +   x - +1 robe of the Boiling Point {Str+2}
rPois   .          Reflect  .   (no helmet)
rElec   .          Harm     .   A - scarf {+Inv}
rCorr   .          Rampage  .   g - +0 pair of gloves
Will    .....                   b - +1 pair of boots
Stlth   ++........              (no amulet)
HPRegen 0.19/turn               k - +4 ring of evasion
MPRegen 0.32/turn               q - ring of protection from fire

@: mighty, sanguine armoured
A: hooves 2, powered by pain 1, magic shield, magic regeneration, sanguine
armour 1
a: Renounce Religion, Evoke Invisibility, Minor Destruction


You were on level 8 of the Dungeon.
You worshipped Makhleb.
Makhleb was pleased with you.
You visited 2 branches of the dungeon, and saw 9 of its levels.
You also visited: Sewer.

You collected 369 gold pieces.
You spent 156 gold pieces at shops.

Inventory:

Armour
 b - a +1 pair of boots (worn)
 g - a +0 pair of gloves (worn)
 x - the +1 robe of the Boiling Point (worn) {Str+2}
   (You found it in a sewer)

   Str:       It affects your strength (+2).
 A - a scarf of invisibility (worn)
Magical Staves
 c - a staff of conjuration (weapon)
Jewellery
 k - a +4 ring of evasion (left hand)
 q - a ring of protection from fire (right hand)
 z - an amulet of regeneration
Wands
 t - a wand of iceblast (14)
Scrolls
 a - a scroll of magic mapping {unknown}
 d - a scroll of enchant armour
 h - a scroll of teleportation
 j - a scroll of fear
 u - a scroll of enchant weapon
 w - a scroll of acquirement
 y - a scroll of silence
Potions
 e - 6 potions of heal wounds
 f - 4 potions of haste
 i - a potion of brilliance
 l - 2 potions of magic
 m - 2 potions of cancellation {unknown}
 n - a potion of flight {unknown}
 o - 2 potions of lignification {unknown}
 p - a potion of attraction {unknown}
 r - 2 potions of invisibility
 s - 3 potions of curing {unknown}
 v - a potion of might {unknown}


   Skills:
 + Level 6.6 Dodging
 - Level 1.7 Stealth
 + Level 6.7 Spellcasting
 + Level 7.1 Conjurations
 + Level 7.0 Fire Magic
 + Level 0.0 Invocations
 + Level 0.0 Evocations


You had 3 spell levels left.
You knew the following spells:

 Your Spells              Type           Power      Damage    Failure   Level
a - Foxfire               Conj/Fire      100%       2x1d9     1%          1
b - Scorch                Fire           68%        2d8       1%          2
c - Conjure Flame         Conj/Fire      51%        6-21      1%          3
d - Inner Flame           Hex/Fire       20%        N/A       7%          3
e - Flame Wave            Conj/Fire      51%        3d10      5%          4
f - Iskenderun's Battles  Conj           51%        2d10      14%         5

Your spell library contained the following spells:

 Spells                   Type           Power      Damage    Failure   Level
 Dazzling Flash           Conj/Hex       62%        N/A       7%          3
 Mephitic Cloud           Conj/Pois/Air  24%        N/A       11%         3
 Slow                     Hex            6%         N/A       14%         2
 Confusing Touch          Hex            6%         N/A       28%         3
 Iskenderun's Mystic Bla  Conj/Tloc      31%        2d8       22%         4
 Starburst                Conj/Fire      25%        6d8       63%         6
 Yara's Violent Unravell  Hex/Tmut       3%         3d4       95%         5
 Lehudib's Crystal Spear  Conj/Erth      15%        10d5      100%        8


Dungeon Overview and Level Annotations

Branches:
Dungeon (8/15)             Temple (1/1) D:4           Sewer (visited)
   Lair: D:8-11

Altars:
Ashenzari
Cheibriados
Dithmenos
Elyvilon
Fedhas
Gozag
Hepliaklqana
Kikubaaqudgha
Makhleb
Nemelex Xobeh
Okawaru
Qazlal
Ru
Sif Muna
Uskayaw
Vehumet
Wu Jian
Xom
The Shining One

Shops:
D:3 (   D:5 *   D:7 (


Innate Abilities, Weirdness & Mutations

You have hoof-like feet.
You sometimes gain a little power by taking damage.
When hurt, damage is shared between your health and your magic reserves.
You regenerate magic rapidly.
When seriously injured, your bleeding wounds create armour. (AC +6)


Message History

Confirm with . or Enter, or press ? or * to list all spells.
You feel a surge of power!
You conjure some foxfire!
The centaur warrior shoots an arrow.
The arrow closely misses you. The arrow hits your foxfire!
The centaur warrior shoots an arrow.
The arrow hits you!!
You focus on the pain.
You feel very mighty all of a sudden.
Your blood congeals into armour.
Your foxfire dissipates!
The centaur warrior shoots an arrow.
The arrow hits you.
The centaur warrior shoots an arrow.
The arrow hits you!
* * * LOW HITPOINT WARNING * * *
Casting: Foxfire (safe; 1% risk of failure)
Confirm with . or Enter, or press ? or * to list all spells.
You feel a surge of power!
You conjure some foxfire!
The foxfire hits the centaur warrior.
Flame seeps out of the centaur warrior.
The centaur warrior is lightly wounded.
Casting: Foxfire (safe; 1% risk of failure)
Confirm with . or Enter, or press ? or * to list all spells.
You feel a surge of power!
You conjure some foxfire!
Your foxfire dissipates!
The foxfire hits the centaur warrior!
Flame seeps out of the centaur warrior.
The centaur warrior is heavily wounded.
The centaur warrior shoots an arrow.
The arrow hits you.
* * * LOW HITPOINT WARNING * * *
The centaur warrior shoots an arrow.
The arrow hits you.
* * * LOW HITPOINT WARNING * * *
Casting: Foxfire (safe; 1% risk of failure)
Confirm with . or Enter, or press ? or * to list all spells.
You don't know that spell.
Okay, then.
Casting: Foxfire (safe; 1% risk of failure)
Confirm with . or Enter, or press ? or * to list all spells.
You feel a surge of power!
You conjure some foxfire!
Your foxfire dissipates!
The foxfire hits the centaur warrior.
Flame seeps out of the centaur warrior.
The centaur warrior is heavily wounded.
The centaur warrior is engulfed in blazing flames.
Flame seeps out of the centaur warrior.
The centaur warrior shoots an arrow.
The arrow hits you!!
You die...

# #.......##.......v.......
#.##.......##.....ยง.########
.....................#
#.##....>..#########c#
#..........# #.# #######.####
#.# ......#.# #.# #####.#.#
#######.# ......#.# #..@..c.#
#######.# #.####### ........#
#.###### ######### #...(..#
######.# #.# #.#
#.#############
#..............


You could see a centaur warrior (inner flame).

Vanquished Creatures
  Psyche (D:8)
  4 yaks (D:8)
  Sigmund (D:4)
  Menkaure (D:7)
  2 water moccasins (D:6)
  Duvessa (D:7)
  A sky beast (D:6)
  A hornet zombie (D:6)
  2 ice beasts
  2 ogres
  A necrophage (D:3)
  A phantom (D:5)
  3 kobold brigands (Sewer)
  A gnoll sergeant (D:8)
  A scorpion (D:7)
  A wyvern skeleton (D:7)
  Dowan (D:7)
  3 wights (D:6)
  A howler monkey (D:2)
  A hound (D:5)
  2 centaur zombies (D:8)
  2 jellies
  4 orc priests
  A centaur skeleton (D:6)
  An iguana (D:6)
  2 orc wizards (D:7)
  A killer bee zombie (D:8)
  A hound skeleton (D:4)
  7 gnolls
  11 adders
  A howler monkey skeleton (D:6)
  6 river rats
  A white imp (D:4)
  2 adder skeletons (D:4)
  2 worms (D:3)
  3 dart slugs
  11 orcs
  8 endoplasms
  5 giant cockroaches
  3 goblins
  9 hobgoblins
  2 jackals (D:3)
  24 kobolds
  2 quokkas
  10 ball pythons
  8 bats
  5 frilled lizards
  29 rats
193 creatures vanquished.

Vanquished Creatures (others)
  124 foxfires
124 creatures vanquished.

Grand Total: 317 creatures vanquished

Notes
Turn   | Place    | Note
-------+----------+-------------------------------------------
     0 | D:1      | siradein the Demonspawn Fire Elementalist began the quest
                  | for the Orb.
     0 | D:1      | Reached XP level 1. HP: 13/13 MP: 3/3
   436 | D:1      | Gained mutation: You regenerate magic rapidly. [demonic
                  | ancestry]
   436 | D:1      | Reached XP level 2. HP: 19/19 MP: 3/5
   535 | D:1      | Learned a level 2 spell: Scorch
  1005 | D:1      | Gained mutation: When hurt, damage is shared between your
                  | health and your magic reserves. [demonic ancestry]
  1005 | D:1      | Reached XP level 3. HP: 24/24 MP: 1/6
  1424 | D:2      | Gained mutation: You have large cloven feet. [demonic
                  | ancestry]
  1424 | D:2      | Reached XP level 4. HP: 23/30 MP: 0/7
  1678 | D:2      | Found a faded altar of an unknown god.
  2115 | D:3      | Found an ornate altar of the Wu Jian Council.
  2203 | D:3      | Found Rehal's Weapon Boutique.
  2305 | D:3      | Reached XP level 5. HP: 35/35 MP: 6/9
  2369 | D:3      | Learned a level 3 spell: Conjure Flame
  2373 | D:3      | Learned a level 3 spell: Inner Flame
  2938 | D:4      | Noticed a necrophage
  3105 | D:3      | Killed a necrophage
  3106 | D:3      | Gained mutation: You have hoof-like feet. [demonic
                  | ancestry]
  3106 | D:3      | Reached XP level 6. HP: 27/41 MP: 1/11
  3356 | D:4      | Found a staircase to the Ecumenical Temple.
  3361 | Temple   | Entered the Ecumenical Temple
  3433 | Temple   | Became a worshipper of Makhleb the Destroyer
  3539 | D:4      | Noticed Sigmund
  3560 | D:4      | Killed Sigmund
  4429 | D:5      | Entered Level 5 of the Dungeon
  4514 | D:5      | Gained mutation: When seriously injured, your bleeding
                  | wounds create armour. (AC +6) [demonic ancestry]
  4514 | D:5      | Reached XP level 7. HP: 46/46 MP: 7/12
  4890 | D:5      | Found Quinelem's Assorted Antiques.
  4895 | D:5      | Bought a scroll of identify for 52 gold pieces
  4895 | D:5      | Bought a scroll of identify for 52 gold pieces
  4895 | D:5      | Bought a scroll of identify for 52 gold pieces
  5260 | D:6      | Reached skill level 5 in Fire Magic
  5260 | D:6      | Reached XP level 8. HP: 31/52 MP: 1/15
  5400 | D:6      | Found a sparkling altar of Nemelex Xobeh.
  5423 | D:6      | Found a blossoming altar of Fedhas.
  5441 | D:6      | Reached * piety under Makhleb
  5442 | D:6      | Reached skill level 5 in Spellcasting
  5442 | D:6      | Reached skill level 5 in Conjurations
  5463 | D:6      | Found a glowing drain.
  5506 | Sewer    | Entered a sewer
  5920 | Sewer    | Reached ** piety under Makhleb
  5967 | Sewer    | Reached skill level 5 in Dodging
  6741 | Sewer    | Identified the +1 robe of the Boiling Point {Str+2}
  6825 | D:6      | Learned a level 4 spell: Flame Wave
  6871 | D:6      | Got Sif Muna's Disquisition on Venom and Battle Magic
  6938 | D:6      | Identified a scroll of acquirement
  7275 | D:6      | Found a shadowy altar of Dithmenos.
  7482 | D:7      | Identified the +6 war axe of Modesty {drain, Dex+2}
  7496 | D:7      | Noticed Duvessa
  7497 | D:7      | Noticed Dowan
  7556 | D:7      | Killed Duvessa
  7557 | D:7      | Gained mutation: You sometimes gain a little power by
                  | taking damage. [demonic ancestry]
  7557 | D:7      | Reached XP level 9. HP: 53/57 MP: 2/17
  7573 | D:7      | Killed Dowan
  7765 | D:7      | Found Ritheir's Antique Weapon Shop.
  7799 | D:7      | Identified the +2 chain mail of Qenuapoh {Slay+2}
  7960 | D:7      | Noticed Menkaure
  7972 | D:7      | Killed Menkaure
  8525 | D:7      | Learned a level 5 spell: Iskenderun's Battlesphere
  8535 | D:8      | Noticed Psyche
  8536 | D:8      | Noticed a centaur warrior
  8659 | D:8      | Killed Psyche
  8832 | D:8      | Found an ancient bone altar of Kikubaaqudgha.
  8874 | D:8      | Found a sacrificial altar of Ru.
  9202 | D:8      | Shot with an arrow by a centaur warrior

Illustrated notes

Levels and vault maps discovered:
D:1:      minmay_arrival_wavy_path, layout_basic, minmay_liquid_box
D:2:      layout_basic, basic_ecumenical_altar
D:3:      layout_basic, nicolae_wu_jian_wuxing_cycle, serial_shops, shop,
          kennysheep_generic_room_12
D:4:      layout_cave_pods, minmay_temple_entry_grid, uniq_sigmund
D:5:      layout_rooms, amcnicky_mini_rare_corridor_liquid,
          minmay_shop_grid_forest
D:6:      cheibrodos_helix_gallery, layout_rooms, nemelex_altar_shiori,
          grunt_dithmenos_shadows, fedhas_ov_isle_minmay, gup_sewer_entry_bowl,
          kennysheep_generic_room_14
D:7:      layout_basic, serial_shops, shop, uniq_menkaure, uniq_duvessa
D:8:      layout_basic, mainiacjoe_overflow_tiny_flanked,
          nicolae_ru_sacrificial_ziggurat, kennysheep_mini, nzn_ghost_randoct,
          lemuel_another_geyser, uniq_psyche
Temple:   cyrus_circular_temple

Skill      XL: |  1  2  3  4  5  6  7  8  9 |
---------------+----------------------------+-----
Dodging        | 2 3 4 5 6 |  6.6
Fire Magic     | 3 4 5 6 7 |  7.0
Conjurations   | 2 3 4 5 7 |  7.1
Spellcasting   | 3 4 5 6 |  6.7
Stealth        | |  1.7

Action                   |  1- 3 |  4- 6 |  7- 9 || total
-------------------------+-------+-------+-------++-------
Melee: Unarmed           |    11 |       |       ||    11
       Short sword       |     2 |       |       ||     2
       Scythe            |       |     1 |     8 ||     9
       Staff             |       |       |     7 ||     7
 Cast: Foxfire           |    17 |     4 |    60 ||    81
       Scorch            |    31 |    93 |   148 ||   272
       Inner Flame       |       |     1 |    29 ||    30
       Conjure Flame     |       |       |     9 ||     9
       Flame Wave        |       |       |     3 ||     3
  Use: Scroll            |       |     3 |    11 ||    14
Armor: Robe              |     3 |     6 |    13 ||    22
       Leather armour    |       |     1 |       ||     1
       Skin              |       |       |    25 ||    25
Dodge: Dodged            |    16 |    36 |    82 ||   134

Table legend: (Time is in decaauts)
 A = Elapsed time spent in this place.
 B = Non-inter-level travel time spent in this place.
 C = Inter-level travel time spent in this place.
 D = Time resting spent in this place.
 E = Time spent auto-exploring this place.
 F = Levels seen in this place.
 G = Mean time per level.
                   A        B        C        D        E       F      G
               +--------+--------+--------+--------+--------+-----+--------+
         Total |   9249 |   9162 |     87 |    459 |   6532 |  10 |  924.9 |
       Dungeon |   7864 |   7777 |     87 |    459 |   5520 |   8 |  983.0 |
        Temple |     81 |     81 |      0 |      0 |     42 |   1 |   81.0 |
         Sewer |   1303 |   1303 |      0 |      0 |    970 |   1 | 1303.0 |
               +--------+--------+--------+--------+--------+-----+--------+

Top non-repeatable levels by time:
   Sewer: 1303 daAuts
     D:3: 1281 daAuts
     D:7: 1221 daAuts
     D:1: 1177 daAuts
     D:4: 1149 daAuts
     D:6: 993 daAuts
     D:2: 813 daAuts
     D:5: 618 daAuts
     D:8: 609 daAuts
  Temple: 81 daAuts
